 Dungeon Crawl Stone Soup version 0.29-a0-194-g6e3aafee17 (webtiles) character file.

Game seed: 6079332088926268885

23 dolemite99 the Shooter (level 2, -1/25 HPs)
             Began as a Hill Orc Hunter on Feb 23, 2022.
             Was a Follower of Nemelex Xobeh.
             Slain by an adder (3 damage)
             ... on level 2 of the Dungeon.
             The game lasted 00:00:58 (1094 turns).

dolemite99 the Shooter (Hill Orc Hunter)            Turns: 1094, Time: 00:00:59

Health: -1/25      AC:  5    Str: 14    XL:     2   Next: 95%
Magic:  2/2        EV: 10    Int: 11    God:    Nemelex Xobeh [*.....]
Gold:   117        SH:  0    Dex: 11    Spells: 1/1 levels left

rFire   . . .      SeeInvis .   a - +1 shortbow
rCold   . . .      Faith    .   (shield currently unavailable)
rNeg    . . .      Spirit   .   h - +0 ring mail
rPois   .          Reflect  .   (no helmet)
rElec   .          Harm     .   (no cloak)
rCorr   .          Rampage  .   (no gloves)
Will    .....                   (no boots)
Stlth   +.........              (no amulet)
HPRegen 0.08/turn               (no ring)
MPRegen 0.08/turn               (no ring)

@: no status effects
A: no striking features
a: Renounce Religion, Draw Escape, Draw Destruction, Draw Summoning


You were on level 2 of the Dungeon.
You worshipped Nemelex Xobeh.
Nemelex Xobeh was aware of your devotion.
You visited 1 branch of the dungeon, and saw 2 of its levels.

You collected 117 gold pieces.

Inventory:

Hand Weapons
 a - a +1 shortbow (weapon)
Armour
 b - a +0 leather armour
 h - a +0 ring mail (worn)
 k - a +0 pair of boots
Magical Staves
 f - a staff of air
Jewellery
 l - an amulet of guardian spirit
Scrolls
 c - 2 scrolls of identify {unknown}
 e - 3 scrolls of enchant weapon {unknown}
 i - a scroll of noise {unknown}
Potions
 d - a potion of mutation {unknown}
 g - 2 potions of ambrosia {unknown}
 j - a potion of heal wounds {unknown}


   Skills:
 - Level 2.4 Fighting
 + Level 4.4 Bows
 - Level 1.5 Dodging
 - Level 0.7 Stealth


You had one spell level left.
You didn't know any spells.
Your spell library contained the following spells:

 Spells                   Type           Power      Damage    Failure   Level
 Gell's Gravitas          Tloc           0%         N/A       91%         3
 Teleport Other           Tloc           0%         N/A       91%         3
 Dispersal                Tloc           0%         N/A       100%        6


Dungeon Overview and Level Annotations

Branches:
Dungeon (2/15)

Altars:
Nemelex Xobeh


Message History

Shoot: a) +1 shortbow
Press: ? - help, Shift-Dir - straight line, f/p - adder
Aim: an adder (lightly wounded)
You shoot an arrow. The arrow barely misses the adder.
The adder barely misses you. The adder bites you but does no damage.
Shoot: a) +1 shortbow
Press: ? - help, Shift-Dir - straight line, f/p - adder
Aim: an adder You shoot an arrow.
The arrow hits the adder.
The adder is heavily wounded.
The adder bites you but does no damage. The adder bites you.
You are poisoned.
The adder poisons you!
Shoot: a) +1 shortbow
Press: ? - help, Shift-Dir - straight line, f/p - adder
Aim: an adder (heavily wounded)
You shoot an arrow. The arrow barely misses the adder.
You feel sick. The adder bites you but does no damage.
Shoot: a) +1 shortbow
Press: ? - help, Shift-Dir - straight line, f/p - adder
Aim: an adder (heavily wounded)
You shoot an arrow. The arrow hits the adder.
The adder is severely wounded.
You feel sick. The adder bites you. The adder barely misses you.
Shoot: a) +1 shortbow
Press: ? - help, Shift-Dir - straight line, f/p - adder
Aim: an adder (severely wounded)
You shoot an arrow. The arrow barely misses the adder.
You feel sick. The adder closely misses you. The adder bites you.
* * * LOW HITPOINT WARNING * * *
Shoot: a) +1 shortbow
Press: ? - help, Shift-Dir - straight line, f/p - adder
Aim: an adder (severely wounded)
You shoot an arrow. The arrow misses the adder.
You feel sick.
You are no longer poisoned.
The adder bites you.
* * * LOW HITPOINT WARNING * * *
The adder bites you.
You die...
Your body disappears without a glow.

.......# .......#
.......#
.......#########
...............#
...##....._....#
...##..........#
...............#######
...##...........@....#
................S....#
...............♣≈.♣♣.#
...............♣♣†♣ ..
..............♣♣ ≈.♣ #
............♣## ≈♣♣
...........♣♣♣♣ ≈.
...........♣≈≈♣P≈≈≈
.........†..≈..≈≈≈≈


You could see an adder.

Vanquished Creatures
  An adder (D:2)
  2 bats
  A goblin (D:1)
  A hobgoblin (D:2)
  2 kobolds
  3 quokkas
  A ball python (D:1)
  2 rats
13 creatures vanquished.

Notes
Turn   | Place    | Note
-------+----------+-------------------------------------------
     0 | D:1      | dolemite99 the Hill Orc Hunter began the quest for the Orb.
     0 | D:1      | Reached XP level 1. HP: 18/18 MP: 1/1
   432 | D:1      | Reached skill level 4 in Bows
   432 | D:1      | Reached XP level 2. HP: 25/25 MP: 2/2
  1058 | D:2      | Found a faded altar of an unknown god.
  1073 | D:2      | Prayed at the altar of an unknown god.
  1073 | D:2      | Became a worshipper of Nemelex Xobeh the Trickster
  1073 | D:2      | Reached * piety under Nemelex Xobeh
  1094 | D:2      | Slain by an adder

Illustrated notes

Levels and vault maps discovered:
D:1:      dpeg_arrival_rooms_a, layout_loops_ring
D:2:      layout_rooms, basic_ecumenical_altar, serial_bayou_crossing

Skill      XL: |  1 |
---------------+----+-----
Bows           | 4 |  4.4
Fighting       | |  2.4
Dodging        | |  1.5
Stealth        | |  0.7

Action                   || total
-------------------------++-------
 Fire: Shortbow          ||    39
Armor: Ring mail         ||    14
Dodge: Dodged            ||    17

Table legend: (Time is in decaauts)
 A = Elapsed time spent in this place.
 B = Non-inter-level travel time spent in this place.
 C = Inter-level travel time spent in this place.
 D = Time resting spent in this place.
 E = Time spent auto-exploring this place.
 F = Levels seen in this place.
 G = Mean time per level.
                   A        B        C        D        E       F      G
               +--------+--------+--------+--------+--------+-----+--------+
         Total |   1109 |    981 |    128 |    271 |    536 |   2 |  554.5 |
       Dungeon |   1109 |    981 |    128 |    271 |    536 |   2 |  554.5 |
               +--------+--------+--------+--------+--------+-----+--------+

Top non-repeatable levels by time:
     D:1: 966 daAuts
     D:2: 143 daAuts
